 Dungeon Crawl Stone Soup version 0.25-a0-356-g7c9d860b3b (webtiles) character file.

Game seed: 1367792840402334369, levelgen mode: classic

183 Borgoz the Cudgeler (level 5, -1/32 HPs)
             Began as a Gargoyle Gladiator on Jan 3, 2020.
             Slain by a gnoll
             ... wielding a +0 flail
              (5 damage)
             ... on level 3 of the Dungeon.
             The game lasted 00:03:11 (2511 turns).

Borgoz the Cudgeler (Gargoyle Gladiator)            Turns: 2511, Time: 00:03:11

Health: -1/32      AC:  8    Str: 19    XL:     5   Next: 62%
Magic:  5/5        EV: 18    Int:  8    God:
Gold:   117        SH:  0    Dex: 16    Spells: 4/4 levels left

rFire    + . .     SeeInvis .   j - +0 mace (curse)
rCold    + . .     Gourm    .   (no shield)
rNeg     + . .     Faith    .   b - +0 leather armour
rPois    ∞         Spirit   .   c - +0 helmet
rElec    +         Reflect  .   (no cloak)
rCorr    +         Harm     .   (no gloves)
MR       .....                  (no boots)
Stlth    ++........             (no amulet)
HPRegen  0.10/turn              q - ring of resist corrosion
MPRegen  0.09/turn              (no ring)

@: agile, resistant, hasted, very quick
A: negative energy resistance 1, electricity resistance, unbreathing,
petrification resistance, rot immunity, AC +4
a: no special abilities


You were on level 3 of the Dungeon.
You were hungry.

You visited 1 branch of the dungeon, and saw 3 of its levels.

You collected 117 gold pieces.

Inventory:

Hand Weapons
 a - a +0 flail
 j - a cursed +0 mace (weapon)
Missiles
 d - 3 throwing nets (quivered)
Armour
 b - a +0 leather armour (worn)
 c - a +0 helmet (worn)
Jewellery
 q - a ring of resist corrosion (left hand)
Scrolls
 k - a scroll of fear
 l - 4 scrolls of remove curse {unknown}
 p - a scroll of teleportation
Potions
 e - a potion of lignification
 h - 2 potions of flight
Comestibles
 f - 3 rations
 o - 4 chunks of flesh


   Skills:
 + Level 3.5 Fighting
 * Level 4.8 Maces & Flails
 - Level 1.7 Throwing
 + Level 2.6 Armour
 - Level 2.4 Dodging


You had 4 spell levels left.
You didn't know any spells.
Your spell library was empty.

Dungeon Overview and Level Annotations

Branches:
Dungeon (3/15)

Altars:
Dithmenos
The Shining One


Innate Abilities, Weirdness & Mutations

You are resistant to torment.
Your stone body is resilient. (AC +4)
You are immune to poison.
You resist negative energy. (rN+)
You are resistant to electric shocks. (rElec)
You can survive without breathing.
You are immune to petrification.
You are immune to rotting.


Message History

It was a potion of resistance.
You feel protected.
The gnoll hits you but does no damage. x2
It was a potion of haste.
You feel yourself speed up.
The gnoll hits you but does no damage. x2
You completely miss the gnoll.
The gnoll is heavily wounded.
The gnoll barely misses you.
You hit the gnoll.
The gnoll is almost dead.
You feel less wooden.
Your +0 helmet unmelds from your body.
Your +0 leather armour unmelds from your body.
The gnoll closely misses you. The gnoll completely misses you.
You see here a +0 halberd.
You hit the gnoll but do no damage.
The gnoll is heavily wounded.
The gnoll hits you with a +0 flail.
You die...

##.#.##
#.....#..##..
#.#.#
#.....#####..
##.#.##
#.....# #_..#
#.###.#
#.....# ##.#.
##.#.##
#.....# ###..
#.#.# #>....#
#.### #.#.##
#.....# #.# #
#.###g#
#.....###.# #
## #@##
#......##.#
#g#.#
#......)..#
#.# ##
######.##.#
#.#
####.##.###
##
#....##....
####..#####
##..####
##...##
###...


You could see 2 gnolls.

Vanquished Creatures
  An orc wizard (D:3)
  A gnoll (D:3)
  5 adders
  2 oozes
  3 worms
  2 dart slugs (D:1)
  A leopard gecko (D:1)
  6 orcs
  2 giant cockroaches
  6 goblins
  8 hobgoblins
  5 jackals
  11 kobolds
  A quokka (D:3)
  3 ball pythons
  9 bats
  4 frilled lizards
  9 rats
79 creatures vanquished.

Notes
Turn   | Place    | Note
-------+----------+-------------------------------------------
     0 | D:1      | Borgoz the Gargoyle Gladiator began the quest for the Orb.
     0 | D:1      | Reached XP level 1. HP: 12/12 MP: 1/1
    61 | D:1      | Reached XP level 2. HP: 5/18 MP: 2/2
    77 | D:1      | Reached skill level 1 in Armour
   578 | D:1      | Reached XP level 3. HP: 22/22 MP: 3/3
   969 | D:2      | Reached XP level 4. HP: 17/27 MP: 4/4
  1128 | D:2      | Reached skill level 4 in Maces & Flails
  1904 | D:3      | Reached XP level 5. HP: 32/32 MP: 5/5
  1940 | D:3      | Found a shadowy altar of Dithmenos.
  2405 | D:3      | Found a glowing golden altar of the Shining One.
  2511 | D:3      | Slain by a gnoll

Levels and vault maps discovered:
D:1:      eino_arrival_tree_alley, layout_rooms, lemuel_old_faithful
D:2:      layout_basic
D:3:      layout_rooms, marbit_many_paths, kennysheep_doodads,
          minmay_strange_pillars, roderic_roman_lattice,
          grunt_dithmenos_smoke_and_mirrors

Skill      XL: |  1  2  3  4 |
---------------+-------------+-----
Armour         | 1 2 |  2.6
Fighting       | 3 |  3.5
Maces & Flails | 4 |  4.8
Throwing       | |  1.7
Dodging        | |  2.4

Action                   |  1- 3 |  4- 6 || total
-------------------------+-------+-------++-------
Melee: Flail             |    69 |       ||    69
       Mace              |    21 |   184 ||   205
  Use: Scroll            |       |     3 ||     3
       Potion            |       |     6 ||     6
  Eat: Chunk             |       |     5 ||     5
Armor: Leather armour    |    40 |   120 ||   160
       Skin              |       |    16 ||    16
Dodge: Dodged            |    80 |   167 ||   247

Table legend:
 A = Non-vault XP
 B = Vault XP
 C = Vault XP percentage of total XP
 D = Non-vault monster count
 E = Vault monster count
 F = Vault count percentage of total count
                 A         B        C        D         E       F
            +---------+---------+-------+---------+---------+-------
      Total |     257 |       5 |   1.9 |      78 |       1 |   1.3
            +---------+---------+-------+---------+---------+-------
        D:1 |      50 |       0 |   0.0 |      24 |       0 |   0.0
        D:2 |      99 |       0 |   0.0 |      26 |       0 |   0.0
        D:3 |     108 |       5 |   4.4 |      28 |       1 |   3.4
            +---------+---------+-------+---------+---------+-------
